AoeStats
← [SAPR] Janstonbeats

Nomad

510014242Analyzed
2v2 RM · 2d ago on Sep 29, 2026· 41m 50s· 4 players
Game mode
Random Map
Map size
176×176
Population
200
Speed
Normal
Resources
Standard
Victory
Conquest
Starting age
Dark Age
Ending age
Imperial Age
RankedLock teamsTeams togetherTeam positionsShared explorationLock speedFull tech treeHidden civsTurbo modeCheats
Victory
Defeat
🇫🇷 Persians · France
1098
+12
🇹🇼 Japanese · Taiwan
1030
+15
🇨🇱 Saxons · Chile
1010
-14
🇨🇱 Japanese · Chile
1002
-13
Red_ゆきま
6:29 Loom
14:55 Feudal Age
16:02 Double-Bit Axe
16:08 Stone Mining
17:04 Town Watch
17:55 Wheelbarrow
17:11 Fishing Lines
17:37 Gold Mining
17:44 Fletching
19:32 Padded Archer Armor
24:02 Castle Age
22:52 Horse Collar
25:45 Bow Saw
25:40 Bodkin Arrow
25:45 Guard Tower
25:21 Crossbowman
26:44 Ballistics
26:11 Treadmill Crane
30:29 Masonry
30:17 Murder Holes
43:22 Imperial Age
41:11 Heavy Plow
[SAPR] Janstonbeats
5:28 Loom
12:46 Feudal Age
13:32 Double-Bit Axe
20:15 Castle Age
18:36 Horse Collar
21:45 Bloodlines
21:36 Husbandry
23:08 Bow Saw
26:02 Wheelbarrow
28:51 Scale Barding Armor
28:58 Heavy Plow
31:14 Chain Barding Armor
32:20 Forging
34:35 Iron Casting
37:27 Imperial Age
38:58 Plate Barding Armor
38:16 Cavalier
39:37 Conscription
39:54 Savar
Player.R
15:11 Feudal Age
13:28 Loom
15:19 Man-at-Arms
24:11 Castle Age
23:20 Double-Bit Axe
23:17 Horse Collar
26:15 Pikeman
27:29 Squires
30:38 Wheelbarrow
30:54 Scale Mail Armor
31:34 Town Watch
33:06 Forging
35:38 Iron Casting
41:50 Imperial Age
Esteban VII
4:46 Loom
13:52 Feudal Age
20:53 Fletching
24:16 Castle Age
22:56 Stone Mining
24:07 Horse Collar
25:04 Gold Mining
26:48 Bodkin Arrow
28:10 Scale Mail Armor
28:15 Squires
37:08 Arson
Connection lost

Rejoining the realm…

Still unreachable

The connection could not be restored.

Session expired

The server has moved on; the page needs a fresh start.